Map: Deathaura LE

Players

Sokar

  • Race: Terran Terran
  • League: Diamond
  • Spawn Location: 11:00

Quentinous - Winner!

  • Race: Protoss Protoss
  • League: Diamond
  • Spawn Location: 5:00

VOD

Have the link to the VOD?

Description

Time

  • Played on: Nov. 5, 2020, 11:41 a.m.
  • Length: 11:33
Show
View Real Time Build Order
Export as new Build Order

Sokar Terran 

Build Orders: Reaper Expand 

Get SALT Encoding   

  12  0:00  SCV  
  13  0:12  SCV  
  14  0:17  Supply Depot  
  14  0:26  SCV  
  15  0:38  SCV  
  15  0:40  Barracks  
  16  0:45  Refinery  
  16  0:51  SCV  
  17  1:03  SCV  
  18  1:15  SCV  
  19  1:27  Orbital Command  
  19  1:29  Reaper  
  20  1:47  Command Center  
  20  1:52  Bunker  
  21  1:54  SCV  
  21  2:00  Marine  
  22  2:07  SCV  
  23  2:08  Supply Depot  
  23  2:20  Factory  
  23  2:23  Barracks Reactor  
  23  2:30  SCV  
  24  2:42  SCV  
  24  2:54  SCV  
  25  2:59  Marine x2  
  25  3:02  Orbital Command  
  25  3:04  Refinery  
  25  3:05  Widow Mine  
  29  3:06  SCV  
  29  3:10  Starport  
  30  3:17  Marine x2  
  32  3:28  Widow Mine  
  32  3:29  SCV x2  
  32  3:34  Supply Depot  
  36  3:39  Marine x2  
  38  3:41  SCV  
  38  3:44  SCV  
  38  3:48  Medivac  
  42  3:53  SCV  
  42  3:54  Widow Mine  
  45  3:56  SCV  
  45  4:02  Marine x2  
  48  4:06  SCV  
  48  4:07  Barracks  
  48  4:08  SCV  
  48  4:09  Barracks  
  50  4:10  Supply Depot  
  50  4:17  Factory Tech Lab  
  50  4:18  SCV  
  50  4:20  Starport Tech Lab  
  50  4:21  SCV  
  52  4:30  SCV  
  53  4:32  Engineering Bay  
  53  4:33  SCV  
  53  4:34  Refinery  
  53  4:35  Marine x2  
  53  4:36  Supply Depot  
  56  4:42  SCV  
  56  4:45  Supply Depot, SCV  
  58  4:53  Marine x2  
  58  4:54  Starport Reactor, Factory Reactor  
  60  5:06  SCV x2  
  62  5:07  Stimpack, Combat Shield  
  62  5:10  Marauder x2  
  62  5:11  Marine x2  
  68  5:18  Supply Depot, SCV x2  
  70  5:28  Marine  
  70  5:29  Marine  
  70  5:31  Marauder  
  70  5:32  Medivac, Marauder  
  78  5:38  Supply Depot  
  78  5:40  Medivac  
  80  5:43  Supply Depot  
  80  5:45  Supply Depot, SCV x2  
  80  5:46  Supply Depot, Marine x2  
  84  5:53  Marauder  
  86  6:02  SCV x2  
  86  6:03  Marauder  
  90  6:04  Marine x2  
  92  6:14  Marauder  
  92  6:15  Medivac  
  92  6:16  Widow Mine  
  92  6:17  Widow Mine  
  100  6:22  Marine x2  
  100  6:25  Marauder  
  104  6:32  Refinery  
  104  6:36  Marauder  
  106  6:40  Marine  
  106  6:43  Supply Depot  
  106  6:46  Marauder  
  109  6:49  Command Center  
  109  6:57  Marauder  
  108  7:12  Marauder, Marine x2  
  111  7:18  Marauder  
  97  7:30  Marine x2  
  97  7:34  Marauder  
  91  7:41  Marauder  
  83  7:46  SCV x2  
  83  7:47  Medivac x2, Marine  
  83  7:48  Marine  
  91  7:52  Barracks  
  91  7:54  Barracks  
  91  7:55  Marauder  
  91  7:58  SCV  
  94  8:00  Widow Mine x2  
  94  8:02  Orbital Command  
  94  8:03  Marauder, SCV  
  101  8:05  Marine x2  
  101  8:10  SCV  
  101  8:12  Terran Infantry Weapons Level 1  
  104  8:15  SCV  
  104  8:16  Marauder, Engineering Bay  
  104  8:17  Armory  
  107  8:21  Widow Mine  
  107  8:22  Widow Mine, SCV  
  107  8:23  Marine x2  
  107  8:24  Marauder  
  116  8:28  SCV  
  116  8:31  Medivac  
  119  8:34  SCV  
  119  8:37  Marine  
  119  8:38  Ghost Academy  
  119  8:40  SCV  
  119  8:41  Marine x2  
  122  8:46  Marauder  
  128  8:55  Marine  
  128  8:57  SCV  
  128  8:58  Missile Turret  
  128  8:59  Missile Turret, Marine  
  128  9:00  Missile Turret  
  128  9:01  Terran Infantry Armor Level 1  
  128  9:02  Missile Turret, Barracks Tech Lab x2  
  129  9:03  Missile Turret  
  129  9:04  Missile Turret  
  129  9:07  Marauder  
  129  9:08  Missile Turret  
  129  9:09  SCV x2  
  133  9:10  SCV  
  133  9:13  Marauder  
  133  9:15  Enhanced Shockwaves  
  136  9:17  Refinery  
  136  9:21  SCV, Refinery  
  137  9:27  Command Center  
  141  9:44  Supply Depot  
  143  9:45  Supply Depot  
  145  10:00  Unknown  
  145  10:05  Unknown  
  145  10:08  Unknown  
  149  10:19  Unknown  
  141  10:28  Unknown  
  129  10:37  Unknown x2  
  110  10:56  Marine  
  110  10:57  Marauder x2, Marine  
  79  11:07  Marauder x2  
  77  11:14  Marine x2  
  84  11:18  Barracks  
  84  11:19  Barracks  
  84  11:21  Barracks  
Show
View Real Time Build Order
Export as new Build Order

Quentinous Protoss - Winner!

Build Orders: 1 Gate Expand, Archon Immortal, Blink Stalkers 

Get SALT Encoding   

  12  0:00  Probe  
  13  0:12  Probe  
  14  0:16  Pylon  
  14  0:24  Probe (Chrono Boost)  
  16  0:36  Probe (Chrono Boost)  
  16  0:38  Gateway  
  16  0:42  Probe (Chrono Boost)  
  16  0:46  Assimilator  
  17  0:51  Probe  
  18  1:03  Probe  
  19  1:15  Probe  
  20  1:25  Cybernetics Core  
  20  1:32  Nexus  
  20  1:42  Pylon  
  20  1:43  Probe  
  21  1:51  Assimilator  
  21  1:55  Probe  
  21  1:58  Adept (Chrono Boost)  
  24  2:01  Warp Gate  
  24  2:07  Probe  
  25  2:19  Probe  
  26  2:24  Twilight Council  
  26  2:32  Probe  
  27  2:43  Stalker  
  30  2:44  Probe x2 (Chrono Boost)  
  31  2:54  Probe x2 (Chrono Boost)  
  33  2:58  Gateway  
  33  2:59  Blink (Chrono Boost), Probe x2 (Chrono Boost)  
  35  3:10  Probe  
  36  3:22  Probe  
  36  3:27  Robotics Facility  
  37  3:28  Probe  
  39  3:34  Probe  
  39  3:39  Pylon  
  39  3:40  Probe  
  40  3:46  Probe  
  41  3:50  Stalker  
  41  3:52  Probe  
  41  3:53  Stalker  
  46  3:59  Probe  
  45  4:04  Probe  
  45  4:09  Assimilator  
  46  4:12  Probe  
  46  4:13  Nexus  
  46  4:15  Observer (Chrono Boost), Pylon  
  48  4:17  Probe  
  48  4:22  Assimilator  
  48  4:24  Probe  
  50  4:25  Forge  
  50  4:28  Pylon  
  50  4:30  Probe  
  51  4:36  Observer  
  51  4:38  Stalker x2  
  56  4:42  Probe  
  57  4:45  Charge  
  57  4:46  Probe  
  57  4:51  Shield Battery  
  57  4:52  Protoss Ground Armor Level 1 (Chrono Boost)  
  58  4:54  Probe  
  58  4:58  Probe  
  60  5:06  Probe  
  61  5:10  Probe  
  61  5:12  Pylon  
  62  5:14  Gateway  
  62  5:15  Gateway  
  62  5:17  Templar Archives  
  62  5:18  Probe  
  62  5:21  Sentry, Observer  
  65  5:22  Probe  
  65  5:25  Observer  
  66  5:30  Probe x2  
  66  5:34  Probe  
  69  5:38  Immortal (Chrono Boost)  
  69  5:42  Probe x2  
  75  5:46  Probe  
  76  5:54  High Templar, Probe  
  76  5:56  High Templar  
  81  6:01  Assimilator  
  81  6:03  Assimilator  
  81  6:04  Gateway  
  81  6:05  Gateway, Psionic Storm, Pylon  
  81  6:07  Probe x2  
  82  6:12  Immortal (Chrono Boost), Pylon  
  86  6:19  Probe x2  
  86  6:24  Pylon  
  86  6:25  Pylon  
  88  6:29  Zealot x4  
  96  6:34  Shield Battery  
  96  6:37  Probe x3  
  99  6:46  Immortal  
  99  6:47  Protoss Ground Weapons Level 1 (Chrono Boost)  
  103  6:53  High Templar  
  105  6:56  Zealot x3  
  109  7:13  Zealot x2  
  99  7:24  Zealot x3  
  99  7:32  High Templar  
  99  7:33  High Templar  
  99  7:35  High Templar  
  101  7:41  Probe x2  
  103  7:47  Probe  
  104  7:53  Probe  
  104  7:56  Pylon  
  105  7:58  Nexus, Pylon  
  105  8:00  Pylon  
  105  8:01  Zealot x3  
  105  8:02  Immortal  
  105  8:03  Gateway x2, Pylon  
  115  8:06  Robotics Facility, Pylon  
  115  8:07  Assimilator  
  115  8:10  Pylon  
  115  8:12  Assimilator, Robotics Bay  
  115  8:13  Sentry  
  115  8:14  Zealot x2  
  121  8:30  Photon Cannon  
  121  8:31  Photon Cannon  
  121  8:33  Photon Cannon  
  121  8:36  Photon Cannon  
  121  8:37  Photon Cannon  
  121  8:40  Photon Cannon  
  121  8:41  Photon Cannon  
  121  8:43  Shield Battery  
  121  8:44  Protoss Ground Armor Level 2 (Chrono Boost)  
  121  8:45  Photon Cannon  
  121  8:46  Photon Cannon  
  121  8:53  Dark Shrine  
  121  8:59  Disruptor x2 (Chrono Boost)  
  127  9:03  High Templar x3  
  127  9:04  High Templar  
  127  9:05  Zealot x2  
  127  9:06  Archon  
  127  9:08  Archon  
  139  9:10  Stalker x2  
  143  9:21  Photon Cannon  
  143  9:23  Pylon  
  143  9:32  Disruptor x2 (Chrono Boost)  
  143  9:37  Pylon  
  149  9:41  Zealot x7  
  149  9:44  Zealot  
  165  9:58  Disruptor x2 (Chrono Boost)  
  169  10:27  Observer  
  162  10:53  Archon x2  
  142  11:09  Stalker x8  
  158  11:18  Probe x4  
  170  11:27  Gateway  
  170  11:29  Gateway  
Tags
 
Add a new tag
Caveats
  • Supply blocks, unpowered buildings, or Contaminate may cause inaccurate times.
  • Supply counts are checked every 10 seconds.